 Dungeon Crawl Stone Soup version 0.27-a0-346-ga689d4a613 (webtiles) character file.

Game seed: 6441484446119891180

201235 KCGemini the Unseen (level 17, 89/89 HPs)
             Began as a Felid Berserker on Feb 15, 2021.
             Was the Champion of Trog.
             Quit the game on level 2 of the Vaults.
             The game lasted 01:16:39 (33900 turns).

KCGemini the Unseen (Felid Berserker)              Turns: 33900, Time: 01:16:40

Health: 89/89      AC:  3    Str: 19    XL:     17   Next: 90%
Magic:  9/9        EV: 45    Int: 13    God:    Trog [******]
Gold:   4354       SH:  5    Dex: 26    Spells: 16/16 levels left
                                        Lives:  1   Deaths: 1

rFire    + + +     SeeInvis +     - Unarmed
rCold    + + .     Faith    .   (shield unavailable)
rNeg     + . .     Spirit   .   (armour unavailable)
rPois    +         Reflect  +   (helmet unavailable)
rElec    .         Harm     .   (cloak unavailable)
rCorr    .         Rampage  .   (gloves unavailable)
Will     ++...                  (boots unavailable)
Stlth    +++++++++.             e - amulet "Perchixe" {Reflect rPois rC+ MP-9 Int+8 SH+5}
HPRegen  1.24/turn              w - ring "Dous" {rF++ Str+6}
MPRegen  0.11/turn              u - ring of Dishonesty {+Inv rF+ rN+ Int-5 Dex+4}

@: quick
A: very small, no armour, no weapons or thrown items, stealth, claws 1, fangs 3,
see invisible, fire resistance 1, speed 1, regeneration 1, shaggy fur 3, sharp
paws
}: 1/15 runes: serpentine
a: Renounce Religion, Evoke Invisibility, Berserk, Trog's Hand, Brothers in Arms


You were on level 2 of the Vaults.
You worshipped Trog.
Trog was exalted by your worship.
You visited 5 branches of the dungeon, and saw 29 of its levels.
You also visited: Sewer, Gauntlet, Ice Cave and Volcano.

You collected 4384 gold pieces.
You spent 30 gold pieces at shops.

Inventory:

Jewellery
 e - the amulet "Perchixe" (around neck) {Reflect rPois rC+ MP-9 Int+8 SH+5}
   (You found it in a Gauntlet)

   [amulet of reflection]

   It shields you and reflects attacks.
   It affects your intelligence (+8).
   It protects you from cold.
   It protects you from poison.
   It affects your magic capacity (-9).
   It affects your SH (+5).
 i - a ring of flight
 o - a +6 ring of dexterity
 u - the ring of Dishonesty (right paw) {+Inv rF+ rN+ Int-5 Dex+4}
   (You found it on level 7 of the Dungeon)

   [ring of positive energy]

   It affects your intelligence (-5).
   It affects your dexterity (+4).
   It protects you from fire.
   It protects you from negative energy.
   It lets you turn invisible.
 w - the ring "Dous" (left paw) {rF++ Str+6}
   (You found it in a Gauntlet)

   [ring of strength]

   It affects your strength (+6).
   It greatly protects you from fire.
 D - a ring of positive energy
 F - the amulet "Qucawn" {Reflect rC+ rN+ SH+5}
   (You acquired it on level 3 of the Lair of Beasts)

   [amulet of reflection]

   It shields you and reflects attacks.
   It protects you from cold.
   It protects you from negative energy.
   It affects your SH (+5).
 R - a ring of poison resistance
 S - a ring of positive energy
Wands
 g - a wand of acid (18)
 s - a wand of polymorph (42)
 v - a wand of random effects (20)
 x - a wand of mindburst (3)
 B - a wand of flame (81) (quivered)
 E - a wand of iceblast (6)
 I - a wand of charming (15)
 N - a wand of digging (3)
 Q - a wand of paralysis (2)
Scrolls
 b - 3 scrolls of magic mapping
 c - 9 scrolls of teleportation
 j - 5 scrolls of immolation
 k - 2 scrolls of holy word
 l - 10 scrolls of fog
 q - 6 scrolls of identify
 z - a scroll of torment
 J - 2 scrolls of silence
 K - a scroll of brand weapon
 M - 3 scrolls of blinking
 P - a scroll of vulnerability
Potions
 a - 9 potions of flight
 d - a potion of might
 f - 5 potions of magic
 h - a potion of cancellation
 m - 4 potions of mutation
 n - 10 potions of curing
 p - 3 potions of ambrosia
 r - 6 potions of lignification
 C - 4 potions of heal wounds
 H - a potion of invisibility
 L - 3 potions of haste
 O - a potion of resistance
Miscellaneous
 t - a condenser vane (inert)
 y - a phantom mirror (inert)
 A - a phial of floods
 G - a tin of tremorstones (2/2)


   Skills:
 * Level 17.8 Fighting
 + Level 18.7 Dodging
 + Level 20.6 Stealth
 + Level 19.8 Unarmed Combat
 - Level 10.0 Evocations


You had 16 spell levels left.
You didn't know any spells.
Your spell library was empty.

Dungeon Overview and Level Annotations

Branches:
Dungeon (15/15)            Temple (0/1) D:4            Lair (6/6) D:11
 Shoals (0/4) Lair:2        Snake (4/4) Lair:3        Slime (0/5) Lair:5
    Orc (2/2) D:11            Elf (0/3) Orc:2        Vaults (2/5) D:13
 Depths (0/5) D:15          Sewer (visited)           IceCv (visited)
Volcano (visited)         Gauntlet (visited)
  Crypt: Vaults:2-3

Altars:
Cheibriados
Dithmenos
Gozag
Okawaru
Ru
Sif Muna
Trog
Uskayaw
Vehumet
Yredelemnul
Zin

Shops:
D:6 :   D:8 [   D:10 [   Orc:2 *((:=   Snake:1 [=[:[

Portals:
Abyss: Snake:2

Annotations:
D:10 exclusion: orange crystal statue
Snake:2 2 transporters, Icun's ghost, journeyman GnWr
Vaults:2 Mennas


Innate Abilities, Weirdness & Mutations

You cannot wear armour.
You are incapable of wielding weapons or throwing items.
Your paws allow you to move quietly. (Stealth)
You have sharp claws.
You have razor-sharp teeth.
You have supernaturally acute eyesight. (SInv)
You cover ground quickly.
Your thick and shaggy fur keeps you warm. (AC +3, rC+)
Your sharp claws are effective at attacking unaware monsters.
Your flesh is heat resistant. (rF+)
Your natural rate of healing is unusually fast.


Message History

Mennas hits your stone giant with a +4 trishula of holy wrath!!
Mennas hits your stone giant with a +4 trishula of holy wrath!
Mennas blocks your stone giant's attack.
The yaktaur shoots a bolt.
The bolt hits your stone giant!!
Your stone giant barely misses Mennas.
Mennas blocks your stone giant's attack.
Mennas hits your stone giant with a +4 trishula of holy wrath! x2
Mennas blocks your stone giant's attack. x2
The yaktaur shoots a bolt.
The bolt hits your deep troll!!
Your deep troll dies!
Your deep troll's corpse disappears in a puff of smoke!
Mennas hits your stone giant with a +4 trishula of holy wrath!!!
Your stone giant dies!
Your stone giant's corpse disappears in a puff of smoke!
Mennas blocks your stone giant's attack.
Your stone giant is no longer berserk.
Mennas hits your stone giant with a +4 trishula of holy wrath! x2
Your stone giant dies!
Your stone giant's corpse disappears in a puff of smoke!
The yaktaur unwields a +0 arbalest.
The yaktaur barely misses you.
You mangle the yaktaur!!
You kill the yaktaur!
Trog accepts your kill.
Aim: Mennas, wielding a +4 trishula of holy wrath and wearing the +5 tower shield "Taupn" {rPois rF- Str+6} (silenced, almost dead, radiating silence, haloed)
You reflect Mennas with the mirror!
The mirror clouds!
Mennas misses Mennas.
Mennas blocks Mennas's attack. x2; Mennas misses Mennas.
You block Mennas's attack.
Mennas hits you with a +4 trishula of holy wrath!
Mennas completely misses you.
Mennas hits you with a +4 trishula of holy wrath!!
* * * LOW HITPOINT WARNING * * *
Mennas blocks Mennas's attack. x2
Mennas blocks your attack.
Your bite misses Mennas.
Mennas hits you with a +4 trishula of holy wrath!!
You die...
Mennas completely misses you.
Mennas blocks Mennas's attack.
Mennas barely misses Mennas.
You are now level 17!
You rejoin the land of the living...
Found a warped mace.
Found a stone staircase leading up.

#+#+######
#........#
#........#
#.)......#
#........#
#........#
#....@...#
#...<....#
#........#
#........#
##+#######


There were no monsters in sight!

Vanquished Creatures
  Mara (Snake:3)
  Rupert (Snake:1)
  A lich (Vaults:2)
  Frances (Snake:1)
  9 nagarajas
  A fire giant (D:15)
  A vault warden (Vaults:1)
  Aizul (Snake:2)
  3 ironheart preservers
  A reaper (IceCv)
  Nessos (Orc:2)
  The ghost of sahdkjhfkaj the Eclecticist, a journeyman DECj of Sif Muna (D:15)
  Erolcha (D:9)
  A great orb of eyes (Vaults:1)
  A yaktaur captain (Vaults:1)
  3 boulder beetles
  5 vault guards
  9 hydras
  A rakshasa (D:15)
  13 anacondas
  7 ogre magi
  14 naga warriors
  6 centaur warriors
  A merfolk avatar (Lair:6)
  4 catoblepae
  15 two-headed ogres
  2 death knights
  4 death yaks (Lair:3)
  3 alligators (Lair:5)
  A tengu warrior (D:14)
  6 orc high priests
  Urug (Lair:5)
  12 naga sharpshooters
  4 shock serpents
  Sonja (Lair:3)
  3 shadow wraiths
  4 skeletal warriors
  4 salamander mystics
  A deep troll (Orc:2)
  3 unseen horrors
  7 sea snakes (Snake:4)
  3 ironbrand convokers
  3 flayed ghosts
  A deep elf archer (Vaults:2)
  8 naga ritualists
  A phantasmal warrior (D:13)
  2 lindwurms
  A necromancer (Vaults:2)
  2 wolf spider zombies
  3 orc sorcerers (Orc:1)
  13 mana vipers
  A deep elf zephyrmancer (Vaults:2)
  5 orc knights
  A harpy (Vaults:1)
  2 deep elf pyromancers
  7 cyclopes
  18 ugly things
  2 orb spiders (shapeshifter) (Vaults:1)
  3 manticores
  14 salamanders
  4 centaur zombies
  2 elephants
  20 naga magi
  41 black mambas
  Maurice (D:12)
  A guardian serpent (shapeshifter) (Vaults:1)
  2 ice statues (IceCv)
  10 guardian serpents
  5 gargoyles
  A torpor snail (Lair:3)
  2 vault sentinels
  2 rime drakes (shapeshifter)
  15 komodo dragons
  17 cane toads
  7 rime drakes
  4 freezing wraiths
  6 ice devils (IceCv)
  9 yaktaurs
  2 tengu conjurers (D:14)
  A troll (shapeshifter) (Vaults:1)
  3 meliai (D:13)
  A hornet (shapeshifter) (Vaults:1)
  5 polar bears
  5 trolls
  A tyrant leech (Lair:5)
  A hornet (Lair:6)
  Prince Ribbit (D:9)
  2 harpy skeletons (Volcano)
  2 wind drakes (Lair:6)
  13 blink frogs
  A blink frog (shapeshifter) (Vaults:1)
  A meliai zombie (D:14)
  3 dream sheep
  Sigmund (D:2)
  A flying skull (Volcano)
  2 shadows
  A yak (shapeshifter) (Vaults:1)
  5 wyverns
  A vampire (D:11)
  A fire bat (Gauntlet)
  A water elemental (D:14)
  3 wraiths
  2 basilisks
  A golden eye (D:8)
  33 yaks
  5 vampire mosquitoes
  A steam dragon (D:13)
  A swamp worm (Lair:5)
  3 wargs
  A soldier ant (D:14)
  54 nagas
  3 acid dragons
  21 water moccasins
  2 hell hounds (Gauntlet)
  2 swamp drakes (Lair:5)
  4 ice beasts
  4 black bears
  3 necrophages
  21 ogres
  20 orc warriors
  16 centaurs
  25 wolves
  4 phantoms
  2 kobold brigands
  29 bullfrogs
  An ogre simulacrum (Vaults:1)
  A glowing shapeshifter simulacrum (Vaults:1)
  A wyvern zombie (D:12)
  2 wyvern skeletons
  6 scorpions
  6 killer bees
  34 wights
  2 howler monkeys (D:9)
  A troll skeleton (Volcano)
  A bullfrog zombie (D:5)
  3 electric eels
  2 hounds
  28 orc priests
  A jelly (D:5)
  5 bullfrog skeletons
  5 iguanas
  31 orc wizards
  10 worker ants
  2 hell rats (Lair:6)
  2 naga skeletons (Volcano)
  A mummy (D:7)
  2 worker ant zombies
  13 adders
  6 river rats
  3 shadow imps
  11 white imps
  8 ufetubi
  3 oozes
  An adder zombie (D:7)
  An adder skeleton (D:4)
  2 worms (D:4)
  2 dart slugs
  6 leopard geckos
  61 orcs
  6 giant cockroaches
  4 goblins
  9 hobgoblins
  18 jackals
  3 quokkas
  8 ball pythons
  A ball python skeleton (D:4)
  3 bats
  4 frilled lizards
  25 kobolds
  A leopard gecko zombie (D:7)
  A quokka skeleton (D:8)
  33 rats
1093 creatures vanquished.

Vanquished Creatures (collateral kills)
  A tentacled monstrosity (Vaults:1)
  Gastronok (Lair:2)
  2 nagarajas (Snake:4)
  A vault warden (Vaults:2)
  A frost giant (Vaults:1)
  A stone giant (Vaults:2)
  A dire elephant (Gauntlet)
  A minotaur (Gauntlet)
  A hydra (D:15)
  A naga warrior (Snake:4)
  A boulder beetle (D:15)
  4 vault guards
  An anaconda (Snake:4)
  A hell hog (Gauntlet)
  An alligator (Lair:5)
  A naga sharpshooter (Snake:4)
  A salamander mystic (Snake:2)
  3 sea snakes (Snake:4)
  A harpy (Lair:6)
  An ironbrand convoker (Vaults:2)
  2 wolf spiders
  14 ugly things
  3 salamanders
  A cyclops (Vaults:1)
  A vault sentinel (Vaults:2)
  2 guardian serpents
  A centaur skeleton (D:15)
  A cane toad (Lair:6)
  Maggie (D:7)
  A yaktaur (Vaults:2)
  A komodo dragon (Lair:1)
  A polar bear (Lair:6)
  6 blink frogs
  14 dream sheep
  A shadow (D:15)
  3 fire bats (Gauntlet)
  6 nagas
  2 acid dragons (Vaults:2)
  3 water moccasins (Lair:6)
  2 orc warriors
  A black bear (D:7)
  4 ogres
  A bullfrog (Lair:5)
  3 wights (D:15)
  2 hell rats (Lair:6)
  5 adders (Lair:1)
  2 river rats (Lair:6)
  3 orcs
  2 rats (Lair:6)
115 creatures vanquished.

Vanquished Creatures (others)
  3 vault guards (D:13)
  A flying skull (Volcano)
  4 white imps (IceCv)
  5 ufetubi (IceCv)
  47 fungi
  106 plants
166 creatures vanquished.

Grand Total: 1374 creatures vanquished

Notes
Turn   | Place    | Note
-------+----------+-------------------------------------------
     0 | D:1      | KCGemini the Felid Berserker began the quest for the Orb.
     0 | D:1      | Reached XP level 1. HP: 10/10 MP: 2/2
   188 | D:1      | Reached skill level 1 in Stealth
   188 | D:1      | Reached XP level 2. HP: 14/14 MP: 3/3
   696 | D:1      | Reached XP level 3. HP: 17/17 MP: 4/4
  1131 | D:2      | Noticed Sigmund
  1141 | D:2      | Killed Sigmund
  1142 | D:2      | Reached skill level 6 in Stealth
  1142 | D:2      | Reached XP level 4. HP: 21/21 MP: 5/5
  1142 | D:2      | Reached XP level 5. HP: 24/24 MP: 6/6
  1305 | D:2      | Reached ** piety under Trog
  1425 | D:2      | Reached skill level 7 in Stealth
  1795 | D:3      | Noticed an ogre
  1812 | D:3      | Killed an ogre
  1813 | D:3      | Gained mutation: You are covered in thick fur. (AC +2)
                  | [Felid growth]
  1813 | D:3      | Reached XP level 6. HP: 28/28 MP: 7/7
  2453 | D:4      | Reached skill level 5 in Unarmed Combat
  2524 | D:4      | Found a glowing drain.
  2535 | D:4      | Reached XP level 7. HP: 31/31 MP: 8/8
  2579 | Sewer    | Entered a sewer
  2663 | Sewer    | Reached *** piety under Trog
  2807 | Sewer    | Reached skill level 5 in Dodging
  3509 | D:4      | Reached skill level 8 in Stealth
  3953 | D:4      | Found a staircase to the Ecumenical Temple.
  4074 | D:5      | Entered Level 5 of the Dungeon
  4110 | D:5      | Reached XP level 8. HP: 36/36 MP: 9/9
  4645 | D:5      | Found a glowing silver altar of Zin.
  4816 | D:6      | Reached skill level 9 in Stealth
  4939 | D:6      | Found Ytsy's Book Boutique.
  5162 | D:6      | Reached **** piety under Trog
  5163 | D:6      | Reached skill level 5 in Fighting
  5547 | D:7      | Found a basalt altar of Yredelemnul.
  5558 | D:7      | Found a shadowy altar of Dithmenos.
  5609 | D:7      | Gained mutation: Your natural rate of healing is unusually
                  | fast. [potion of mutation]
  5609 | D:7      | Gained mutation: Your flesh is heat resistant. (rF+)
                  | [potion of mutation]
  5638 | D:7      | Got a vibrating marble ring
  5897 | D:7      | Reached XP level 9. HP: 40/40 MP: 10/10
  5913 | D:7      | Found an iron altar of Okawaru.
  6051 | D:7      | Found an opulent altar of Gozag.
  6053 | D:7      | You fall into a shaft and drop 2 floors!
  6182 | D:9      | Noticed a gargoyle
  6195 | D:9      | Killed a gargoyle
  6196 | D:9      | Reached skill level 10 in Stealth
  6266 | D:9      | Noticed Erolcha
  6273 | D:9      | Killed Erolcha
  6274 | D:9      | Reached skill level 5 in Evocations
  6381 | D:9      | Identified the ring of Dishonesty {+Inv rF+ rN+ Int-5
                  | Dex+4} (You found it on level 7 of the Dungeon)
  6617 | D:8      | Found Jopumm's Antique Armour Shoppe.
  6623 | D:8      | Found a bloodstained altar of Trog.
  6670 | D:8      | Reached XP level 10. HP: 45/45 MP: 11/11
  7111 | D:8      | Found a shimmering blue altar of Sif Muna.
  7289 | D:7      | Noticed Maggie
  7294 | D:7      | Killed Maggie
  7577 | D:7      | Found a snail-covered altar of Cheibriados.
  7702 | D:7      | Found a radiant altar of Vehumet.
  7702 | D:7      | Found a hide-covered altar of Uskayaw.
  7818 | D:9      | Noticed Prince Ribbit
  7821 | D:9      | Killed Prince Ribbit
  8440 | D:10     | Entered Level 10 of the Dungeon
  8466 | D:10     | Found a sacrificial altar of Ru.
  8472 | D:10     | Found Peripniy's Antique Armour Shop.
  8564 | D:10     | Reached skill level 11 in Stealth
  8673 | D:10     | Noticed an unseen horror
  8814 | D:10     | Killed an unseen horror
  8814 | D:10     | Reached ***** piety under Trog
  8815 | D:10     | Reached skill level 10 in Unarmed Combat
  9100 | D:10     | Noticed an orange crystal statue
  9262 | D:11     | Noticed a green ugly thing
  9269 | D:11     | Killed a green ugly thing
  9270 | D:11     | Reached XP level 11. HP: 50/50 MP: 12/12
  9434 | D:11     | Noticed a purple ugly thing
  9440 | D:11     | Killed a purple ugly thing
  9530 | D:11     | Found a staircase to the Orcish Mines.
  9673 | D:11     | Noticed an unseen horror
  9677 | D:11     | Killed an unseen horror
 10047 | D:11     | Found a staircase to the Lair.
 10207 | D:11     | Reached skill level 10 in Evocations
 10755 | D:12     | Noticed a brown ugly thing
 10761 | D:12     | Killed a brown ugly thing
 10805 | D:12     | Found a gate leading to a gauntlet.
 10815 | Gauntlet | Entered a Gauntlet
 10815 | Gauntlet | Found a transporter.
 10818 | Gauntlet | Found a transporter.
 10834 | Gauntlet | Found a transporter.
 10838 | Gauntlet | Found a transporter.
 10840 | Gauntlet | Noticed a hell hog
 10850 | Gauntlet | Found a transporter.
 10868 | Gauntlet | Found a transporter.
 10872 | Gauntlet | Found a transporter.
 10875 | Gauntlet | Found a transporter.
 10878 | Gauntlet | Noticed a dire elephant
 10880 | Gauntlet | Noticed a hell hog
 10898 | Gauntlet | Found a transporter.
 10911 | Gauntlet | Noticed a thrashing horror
 10916 | Gauntlet | Found a transporter.
 10920 | Gauntlet | Found a transporter.
 10928 | Gauntlet | Found a transporter.
 10928 | Gauntlet | Noticed a death drake
 10991 | Gauntlet | Killed a dire elephant
 10997 | Gauntlet | Reached skill level 10 in Dodging
 11051 | Gauntlet | Got a bound crystal amulet
 11052 | Gauntlet | Identified the amulet "Perchixe" {Reflect rPois rC+ MP-9
                  | Int+8 SH+5} (You found it in a Gauntlet)
 11083 | Gauntlet | Reached skill level 12 in Stealth
 11086 | Gauntlet | Killed a hell hog
 11133 | Gauntlet | Got a warped brass ring
 11138 | Gauntlet | Identified the ring "Dous" {rF++ Str+6} (You found it in a
                  | Gauntlet)
 11139 | Gauntlet | ironic ring
 11169 | Gauntlet | Identified the +8 short sword "Xemuor" {elec, rN++ Will+
                  | Dex+4 SInv}
 11169 | Gauntlet | Noticed a minotaur
 11177 | Gauntlet | Killed a minotaur
 11430 | D:12     | Gained mutation: Your thick and shaggy fur keeps you warm.
                  | (AC +3, rC+) [Felid growth]
 11430 | D:12     | Reached XP level 12. HP: 35/55 MP: 4/13
 11452 | D:12     | Noticed Maurice
 11456 | D:12     | Killed Maurice
 11665 | D:12     | Noticed a centaur warrior
 11704 | D:12     | Killed a centaur warrior
 11759 | D:12     | Noticed a two-headed ogre
 11767 | D:12     | Killed a two-headed ogre
 12157 | D:13     | Noticed a boulder beetle
 12160 | D:13     | Killed a boulder beetle
 12161 | D:13     | Reached skill level 13 in Stealth
 12507 | D:13     | Noticed a vault guard
 12507 | D:13     | Noticed a vault guard
 12508 | D:13     | Found a gate to the Vaults.
 12508 | D:13     | Noticed a vault guard
 12508 | D:13     | Noticed a vault guard
 12508 | D:13     | Noticed a vault guard
 12509 | D:13     | Noticed a vault guard
 12509 | D:13     | Noticed a vault guard
 12509 | D:13     | Noticed a vault guard
 12520 | D:13     | Killed a vault guard
 12534 | D:13     | Killed a vault guard
 12569 | D:13     | Reached skill level 10 in Fighting
 12600 | D:13     | Killed a vault guard
 12870 | D:13     | Killed a vault guard
 13013 | D:13     | Identified the +8 morningstar of Blood-Lust {vorpal, rElec
                  | rPois Int+2 Dex+4}
 13080 | D:13     | Killed a vault guard
 13215 | D:13     | Noticed a death knight
 13247 | D:13     | Reached XP level 13. HP: 15/62 MP: 5/14
 14106 | D:14     | Reached skill level 14 in Stealth
 15227 | D:15     | Entered Level 15 of the Dungeon
 15321 | D:15     | Found a staircase to the Depths.
 15321 | D:15     | Noticed a fire giant
 15452 | D:15     | Killed a fire giant
 15577 | D:15     | Reached skill level 15 in Stealth
 15591 | D:15     | Reached XP level 14. HP: 46/69 MP: 6/15
 15806 | D:15     | Found a runed translucent door.
 16106 | D:15     | Noticed sahdkjhfkaj's ghost (journeyman DECj)
 16107 | D:15     | Found the +10 dark maul {vorpal}
 16130 | D:15     | Killed sahdkjhfkaj's ghost
 16389 | Orc:1    | Entered Level 1 of the Orcish Mines
 16389 | Orc:1    | Found a frozen archway.
 16398 | IceCv    | Entered an ice cave
 16784 | IceCv    | Noticed a reaper
 16788 | IceCv    | Killed a reaper
 17342 | Orc:1    | Found a bloodstained altar of Trog.
 17427 | Orc:2    | Entered Level 2 of the Orcish Mines
 17481 | Orc:2    | Noticed Nessos
 17488 | Orc:2    | Killed Nessos
 17613 | Orc:2    | Reached skill level 15 in Unarmed Combat
 18205 | Orc:2    | Reached ****** piety under Trog
 18259 | Orc:2    | Found Vorao's Jewellery Emporium.
 18259 | Orc:2    | Found Qahop's Antique Weapon Shoppe.
 18260 | Orc:2    | Found Atwaheg's Antique Weapon Shoppe.
 18264 | Orc:2    | Found Diatrus's Book Emporium.
 18290 | Orc:2    | Found a staircase to the Elven Halls.
 18369 | Orc:2    | Reached skill level 16 in Stealth
 18600 | Orc:2    | Found Xintemoc's Assorted Antiques.
 18608 | Orc:2    | Bought a scroll labelled OGHEAHU DOIQ for 30 gold pieces
 19009 | Orc:2    | needs about 35 orc priests - this Orc 2
 19106 | Lair:1   | Entered Level 1 of the Lair of Beasts
 19884 | Lair:2   | Found a staircase to the Shoals.
 20019 | Lair:2   | Reached XP level 15. HP: 43/75 MP: 7/16
 20085 | Lair:2   | Found an iron altar of Okawaru.
 20172 | Lair:2   | Noticed Gastronok
 20196 | Lair:2   | Killed Gastronok
 21103 | Lair:3   | Found a dark tunnel.
 21108 | Volcano  | Entered a volcano
 21373 | Lair:3   | Acquired the amulet "Qucawn" {Reflect rC+ rN+ SH+5}
 21578 | Lair:3   | this is interesting
 21826 | Lair:3   | Reached skill level 15 in Dodging
 21977 | Lair:3   | Noticed Sonja
 21980 | Lair:3   | Killed Sonja
 22028 | Lair:3   | Found a staircase to the Snake Pit.
 22091 | Lair:3   | Reached skill level 17 in Stealth
 23222 | Lair:5   | Reached skill level 15 in Fighting
 23280 | Lair:5   | Noticed Urug
 23281 | Lair:5   | Found a basalt altar of Yredelemnul.
 23287 | Lair:5   | Killed Urug
 23417 | Lair:5   | Found a staircase to the Slime Pits.
 24332 | Lair:5   | 2 vaults before Lair: 6
 24373 | Lair:6   | Entered Level 6 of the Lair of Beasts
 24687 | Lair:6   | Reached XP level 16. HP: 81/81 MP: 8/17
 25482 | Snake:1  | Entered Level 1 of the Snake Pit
 25544 | Snake:1  | Noticed Rupert
 25557 | Snake:1  | Killed Rupert
 25705 | Snake:1  | Found Locitezxu's Antique Armour Shop.
 25705 | Snake:1  | Found Viesi's Jewellery Boutique.
 25706 | Snake:1  | Found Muer's Book Shop.
 25711 | Snake:1  | Found Foarud's Armour Boutique.
 25835 | Snake:1  | Found Jole's Armour Emporium.
 25842 | Snake:1  | Reached skill level 18 in Stealth
 25957 | Snake:1  | Noticed Frances
 25966 | Snake:1  | Killed Frances
 27380 | Snake:2  | Found a bloodstained altar of Trog.
 27694 | Snake:2  | Noticed Aizul
 27704 | Snake:2  | Killed Aizul
 27723 | Snake:2  | Noticed a tentacled starspawn
 27724 | Snake:2  | Found a one-way gate to the infinite horrors of the Abyss.
 27747 | Snake:2  | Found a transporter.
 27752 | Snake:2  | Noticed a hellephant
 27758 | Snake:2  | Noticed Icun's ghost (journeyman GnWr)
 27764 | Snake:2  | Found a transporter.
 27765 | Snake:2  | Identified the +11 hand axe "Naiqanom" {distort, SInv}
 28017 | Snake:3  | Reached XP level 17. HP: 86/86 MP: 9/18
 28992 | Snake:3  | Noticed Mara
 28996 | Snake:3  | Noticed KCGemini's illusion
 29149 | Snake:3  | Killed Mara
 29150 | Snake:3  | Reached skill level 19 in Stealth
 29785 | Snake:4  | Entered Level 4 of the Snake Pit
 31504 | Snake:4  | Reached XP level 18. HP: 91/91 MP: 10/19
 31604 | Snake:4  | Got a serpentine rune of Zot
 32071 | Vaults:1 | Entered Level 1 of the Vaults
 32390 | Vaults:1 | Reached skill level 20 in Stealth
 32428 | Vaults:1 | Noticed a tentacled monstrosity
 32434 | Vaults:1 | Killed a tentacled monstrosity
 33585 | Vaults:2 | Noticed a lich
 33615 | Vaults:2 | Killed a lich
 33842 | Vaults:2 | Identified the +5 tower shield "Taupn" {rPois rF- Str+6}
 33842 | Vaults:2 | Noticed Mennas
 33869 | Vaults:2 | hmm
 33887 | Vaults:2 | HP: 3/139 [Mennas/+4 trishula of holy wrath (16)]
 33899 | Vaults:2 | Mangled by Mennas
 33900 | Vaults:2 | Reached XP level 17. HP: -7/89 MP: 9/9
 33900 | Vaults:2 | Quit the game

Illustrated notes .# ##.8.....8............. ..##≈...............###### ...##...#########...#..... #....#...#....##.#...#..... #.©8.#...##..##..#####..#.. #....#...###.#...#...#..... #.©8.#.8.#©##.##.#©.©#§...© #....#...#...#†###...#..... #.©8.#...#@.##..######[.#.. #....#...#[##©...#...#...P. ...##...#########...#..... ..##§...............###### .# ##.8.....8............. ##...............8.....8 #≈§§.###########........ ##...#.xxX.....#...##### #§§..#.#.....#.#...#..8# Turn 11139 on Gauntlet: ironic ring #..... ##..... ################ ###...#.. ##.#≈§§≈#..#§§§≈###..#.#... #...≈≈≈§#..#§§§≈##......... ##..§≈.≈#..#≈§§§###........ ###..§≈≈.#..#.§≈§.#......... ###..#.####....####......).... ##............@..........)....) #........................)..### ##......####∩...####.......##.. #......≈≈§.#..#.§≈≈.##)..##... ##.#...§≈.§#..#≈.≈≈.#....#.... ####..≈≈≈≈#..#≈≈≈≈......#.... #..≈≈≈≈#..#≈≈≈≈...#).#.... ##...#.....#......#..#.... ##...............>..#..#. Turn 19009 on Orc:2: needs about 35 orc priests - this Orc 2 Y...# #.... ....###..$. Y.≈≈≈≈≈.. ..≈≈≈.. Y.≈.. # SY. # ♣l♣ # ### ♣@♣ ### #.####### #####♣.♣##### #######.. ..#.....# ♣...♣...♣...♣ #.....#.. ..#♣...♣♣♣♣.♣.♣.♣.♣.♣.♣♣♣.♣♣♣.#.. ....♣.♣...♣.♣.♣.♣.♣.♣.♣...♣ ♣.... ..#♣...♣♣.♣.♣.♣.♣†♣.♣(♣.♣.♣♣♣(#.. ..#.....#...♣.......♣...#.....#.# ..#############################(# #..#............<.....[####....## Turn 21578 on Lair:3: this is interesting

#≈≈≈≈≈≈##..≈#≈≈#≈≈...........#
#≈≈≈≈#≈≈≈#.≈≈≈≈##≈≈.......)..#
#≈≈≈≈#≈≈≈.P#≈#≈≈≈≈≈..........##
#≈≈≈≈≈≈≈≈..≈≈≈#≈≈≈#P..........#
#≈≈≈≈#≈≈≈≈.≈≈≈≈≈≈≈≈#P#.......##
########≈≈#≈#≈≈≈≈≈≈≈###......###
.....##.#≈#........###.......P.#
.......#.≈.#.......##.........P#
.........##.##(.@..#..#........##
.........######.....##..........#
.P#........# ##.................
.####.....P### ##..............P.
..####.......# #............PPP.
####.#P......######.........PPP..
###.#..........####........PP....
..........................P..P#.P
.............................####


Turn 24332 on Lair:5: 2 vaults before Lair: 6 #...........)) ##..........p#
#...#..#..#... ##...........# ###########.....#c#..... #.........##..#.....#..#
#.........'.....#.#..... #.........##...))..)...# #......@.AC)o.#.)#).#...
+.........##)..))......# +.........#...))........ ############.#[#.#.#.#.#
####+#######+# #.......# #..§§...# #.......# #...8...# Turn 33869 on Vaults:2:
hmm

Levels and vault maps discovered:
D:1:      minmay_arrival_up_and_down, layout_loops_cross
D:2:      layout_loops_corners, uniq_sigmund
D:3:      layout_rooms
D:4:      layout_loops_corners, minmay_temple_entry_proselytizer,
          portal_sewer_entry_b
D:5:      layout_gridville, kennysheep_mini_moat
D:6:      layout_cave_pools, serial_shops, nicolae_shop_stone,
          grunt_decor_fettered
D:7:      layout_basic, slow_altar_2, okawaru_ov_weapons_minmay,
          nicolae_overflow_hidden_temple, basic_altar, serial_aquarium,
          aquarium_bridge_square [aquarium_subvault_bridge,
          aquarium_subvault_wall, aquarium_subvault_bridge,
          aquarium_subvault_bridge], aquarium_bridge_square
          [aquarium_subvault_bridge, aquarium_subvault_wall,
          aquarium_subvault_wall, aquarium_subvault_wall], aquarium_window_fake,
          aquarium_window_fake, aquarium_view_2c, aquarium_balcony_5b,
          kennysheep_flooded_box, nicolae_gozag_cash_rules_everything_around_me,
          uniq_maggie
D:8:      layout_loops_cross, old_standard_altar, serial_shops, kennysheep_mini,
          tgw_sif
D:9:      layout_grid_maze, uniq_prince_ribbit1, uniq_erolcha
D:10:     layout_basic, basic_altar, serial_shops, shop, minivault_16
D:11:     layout_gridville, due_lair_maze_entry_diamond,
          hangedman_abyss_or_decor_slice
D:12:     layout_layer_cave, gauntlet_entry_generic, uniq_maurice
D:13:     layout_long_grid, erik_vaults_2
D:14:     layout_basic, chequers_serial_rivers_small_b
D:15:     grunt_enter_depths_giant_problem, layout_rooms,
          ebering_ghost_reflecting_pool, serial_park_tiny_2,
          minmay_misc_feat_cross
Lair:1:   minmay_lair_venomous_thicket, layout_cave_shapes, hibernation_bobbens
Lair:2:   layout_layer_cave, shoals_dummy_entry, basic_altar,
          grunt_megastairs_4, lemuel_fruit_tree, uniq_gastronok
Lair:3:   nzn_winding_woodlands_large [nzn_winding_woodlands_5x5_perimeter,
          nzn_winding_woodlands_5x15_sidewinder,
          nzn_winding_woodlands_hourglass,
          nzn_winding_woodlands_center_triple_pond,
          nzn_winding_woodlands_15x15_eel_pit,
          nzn_winding_woodlands_center_pierced_h,
          nzn_winding_woodlands_5x5_three, nzn_winding_woodlands_5x15_sawtooth,
          nzn_winding_woodlands_5x5_checkerboard], layout_concentric_octagons,
          guppyfry_snake_entry_island, enter_volcano_4, uniq_sonja
Lair:4:   layout_hall_layers
Lair:5:   onia_ninara_swampy_vault, layout_hall_layers,
          minmay_slime_entry_oklob_open, basic_altar,
          nicolae_quartered_pool_little, uniq_urug
Lair:6:   gammafunk_lair_ancient_temple, layout_concentric_octagons,
          grunt_forest_small_clearings, kennysheep_abandoned_house
Snake:1:  layout_onion_interference, serial_shops, nicolae_shop_behind_doors,
          minmay_shoptagon, uniq_rupert, uniq_frances
Snake:2:  nicolae_snake_hallway, layout_misc_corridors, basic_altar,
          gammafunk_ghost_abyssal_escape, fake_guardian_serpent_vault,
          uniq_aizul
Snake:3:  layout_layer_cave, grunt_ministairs_10,
          nrook_guardian_serpent_ordinary, uniq_mara
Snake:4:  grunt_snake_rune_pools, layout_grid_shapes
Orc:1:    layout_caves, portal_ice_cave_entry_pillars_1, trog_hazing_becter
Orc:2:    st_orc_mages, layout_caves, guppyfry_orc_lava_fort, uniq_nessos
Vaults:1: v_rooms_5, nicolae_vaults_network_s, nicolae_vaults_rhombus_6,
          nicolae_vaults_network_periphery, v_alt_pattern_6,
          vaults_room_guarded_vault, v_misc_15, hangedman_vaults_snaps,
          hangedman_vaults_stream, nicolae_vaults_little_squares_2, v_misc_15,
          ontoclasm_vaults_loading_screen, layout_vaults_ring
Vaults:2: hangedman_vaults_slice, minmay_crypt_entry_necro_gods, v_rooms_3,
          nicolae_vaults_an_arrangement, serial_ice_h, v_misc_9, v_misc_17,
          nicolae_vaults_ninety_degrees, hangedman_vaults_capsules,
          nicolae_vaults_circle_grid_b, hangedman_vaults_impose,
          grunt_vaults_funnel, layout_vaults_maze_bifur, basic_altar,
          uniq_mennas

Skill      XL: |  1  2  3  4  5  6  7  8  9 10 11 12 13 14 15 16 17 18 |
---------------+-------------------------------------------------------+-----
Stealth        | 1 6 7 8 9 10 11 12 13 15 16 17 18 19 20 | 20.6
Unarmed Combat | 4 5 6 7 8 10 11 12 14 15 16 18 19 | 19.8
Dodging        | 5 7 8 9 10 11 13 14 15 16 17 18 | 18.7
Fighting       | 4 5 6 7 8 10 12 14 15 16 17 | 17.8
Evocations     | 5 6 10 | 10.0

Action                   |  1- 3 |  4- 6 |  7- 9 | 10-12 | 13-15 | 16-18 || total
-------------------------+-------+-------+-------+-------+-------+-------++-------
Melee: Unarmed           |    49 |    79 |   310 |   615 |  1058 |  1067 ||  3178
       Bite              |     4 |     8 |    26 |    85 |   172 |   186 ||   481
       Punch             |       |       |     8 |    39 |   111 |   161 ||   319
Invok: Berserk           |     2 |     4 |    11 |    21 |    28 |    24 ||    90
       Trog's Hand       |       |       |     2 |     8 |     7 |    10 ||    27
       Brothers in Arms  |       |       |       |     6 |     8 |    17 ||    31
Evoke: Wand              |       |       |     2 |    20 |    16 |     9 ||    47
       Phantom mirror    |       |       |       |     2 |     6 |     1 ||     9
       Tin of tremorston |       |       |       |     3 |     3 |     2 ||     8
       Condenser vane    |       |       |       |       |       |     5 ||     5
  Use: Scroll            |       |       |    14 |     6 |     9 |     9 ||    38
       Potion            |       |       |     5 |       |     1 |     7 ||    13
 Stab: Distracted        |     1 |       |       |     4 |     9 |    16 ||    30
       Sleeping          |     6 |    11 |    46 |    23 |    56 |    47 ||   189
       Petrified         |       |       |       |       |     2 |       ||     2
       Paralysed         |       |       |       |       |       |     3 ||     3
Armor: Skin              |       |     4 |    31 |    33 |    11 |     6 ||    85
Dodge: Dodged            |    29 |    42 |   194 |   517 |   913 |   951 ||  2646
Block: Other             |       |       |       |    31 |   168 |   166 ||   365
       Reflection        |       |       |       |     1 |     3 |    14 ||    18

Table legend: (Time is in decaauts)
 A = Elapsed time spent in this place.
 B = Non-inter-level travel time spent in this place.
 C = Inter-level travel time spent in this place.
 D = Time resting spent in this place.
 E = Time spent auto-exploring this place.
 F = Levels seen in this place.
 G = Mean time per level.
                   A        B        C        D        E       F      G
               +--------+--------+--------+--------+--------+-----+--------+
         Total |  29568 |  28241 |   1327 |   6482 |  13888 |  33 |  896.0 |
       Dungeon |  13660 |  12918 |    742 |   3233 |   6674 |  15 |  910.7 |
          Lair |   5165 |   4868 |    297 |    245 |   3429 |   6 |  860.8 |
     Snake Pit |   5622 |   5434 |    188 |   1489 |   2074 |   4 | 1405.5 |
  Orcish Mines |   1948 |   1895 |     53 |    719 |    608 |   2 |  974.0 |
        Vaults |   1563 |   1517 |     46 |    275 |    698 |   2 |  781.5 |
         Sewer |    555 |    555 |      0 |    111 |    198 |   1 |  555.0 |
      Ice Cave |    495 |    495 |      0 |    244 |     62 |   1 |  495.0 |
       Volcano |    206 |    206 |      0 |     61 |      0 |   1 |  206.0 |
      Gauntlet |    350 |    350 |      0 |    101 |    141 |   1 |  350.0 |
               +--------+--------+--------+--------+--------+-----+--------+

Top non-repeatable levels by time:
 Snake:4: 1682 daAuts
 Snake:3: 1565 daAuts
    D:13: 1562 daAuts
    D:11: 1428 daAuts
    D:14: 1390 daAuts
Vaults:1: 1261 daAuts
 Snake:1: 1187 daAuts
 Snake:2: 1187 daAuts
  Lair:5: 1070 daAuts
   Orc:2: 1056 daAuts
     D:9: 1032 daAuts
     D:4: 1013 daAuts
  Lair:3: 997 daAuts
  Lair:2: 983 daAuts
    D:15: 920 daAuts
